 Dungeon Crawl Stone Soup version 0.30.1-11-g7821555f0a (webtiles) character file.

Game seed: 8683891674835141446

4747 KittyFluff the Protected (level 10, -2/61 HPs)
             Began as a Gargoyle Berserker on Nov 7, 2023.
             Was an Elder of Trog.
             Killed by divine providence
             ... invoked by an orc priest
              (13 damage)
             ... on level 9 of the Dungeon.
             The game lasted 00:34:52 (7454 turns).

KittyFluff the Protected (Gargoyle Berserker)       Turns: 7454, Time: 00:34:52

Health: -2/61      AC: 16    Str: 26    XL:     10   Next: 46%
Magic:  10/10      EV: 17    Int: 10    God:    Trog [****..]
Gold:   597        SH:  4    Dex:  9    Spells: 9/9 levels left

rFire   . . .        v - +0 flail (protect)
rCold   . . .        G - +0 buckler
rNeg    + . .        r - +1 leather armour of Unreason {+Inv Will++ rCorr Int+3}
rPois   ∞            y - +1 helmet
rElec   +            m - +0 cloak
rCorr   +            (no gloves)
SInv    .            (no boots)
Will    ++...        (no amulet)
Stlth   +            q - +5 ring of evasion
HPRegen 0.30/turn    (no ring)
MPRegen 0.12/turn

%: no passive effects
@: on berserk cooldown
A: sickness immunity, AC +7, negative energy resistance 1, electricity
resistance, torment resistance 1, petrification resistance
a: Renounce Religion, Evoke Invisibility, Berserk, Trog's Hand, Brothers in Arms


You were on level 9 of the Dungeon.
You worshipped Trog.
Trog was greatly pleased with you.
You visited 1 branch of the dungeon, and saw 9 of its levels.

You collected 597 gold pieces.

Inventory:

Hand Weapons
 h - a +0 sling
 v - a +0 flail of protection (weapon)
 B - a +0 shortbow
Missiles
 u - 8 boomerangs (quivered)
 w - 7 poisoned darts
 O - 6 silver boomerangs
Armour
 a - a +0 ring mail of cold resistance
 m - a +0 cloak (worn)
 p - a +2 chain mail of fire resistance
 r - the +1 leather armour of Unreason (worn) {+Inv Will++ rCorr Int+3}
   (You found it on level 3 of the Dungeon)

   Int:       It affects your intelligence (+3).
   +Inv:      It lets you turn invisible.
   rCorr:     It protects you from acid and corrosion.
   Will:      It greatly increases your willpower.
 y - a +1 helmet (worn)
 G - a +0 buckler (worn)
 H - an orb of mayhem
 M - a +2 scale mail of fire resistance
Jewellery
 q - a +5 ring of evasion (left hand)
 K - a ring of fire
Wands
 N - a wand of polymorph (5)
 P - a wand of flame (20)
Scrolls
 b - a scroll of fear {unknown}
 d - a scroll of brand weapon
 i - 5 scrolls of vulnerability {unknown}
 k - a scroll of butterflies
 s - 9 scrolls of teleportation {unknown}
 x - 3 scrolls of poison {unknown}
 z - a scroll of acquirement {unknown}
 D - a scroll of fog {unknown}
 F - a scroll of noise {unknown}
 I - a scroll of blinking
 J - a scroll of enchant weapon
 L - 2 scrolls of magic mapping
Potions
 c - a potion of lignification {unknown}
 f - 5 potions of curing
 g - a potion of berserk rage {unknown}
 j - 2 potions of mutation {unknown}
 l - 4 potions of magic {unknown}
 n - 3 potions of brilliance {unknown}
 o - 2 potions of degeneration {unknown}
 t - a potion of invisibility {unknown}
 A - 2 potions of flight {unknown}
 C - a potion of resistance {unknown}
 E - 2 potions of haste {unknown}
 Q - a potion of cancellation {unknown}


   Skills:
 + Level 6.9 Fighting
 * Level 8.6 Maces & Flails
 * Level 9.1 Armour
 + Level 4.9 Dodging
 + Level 2.9 Shields
 + Level 4.5 Evocations


You had 9 spell levels left.
You didn't know any spells.
Your spell library was empty.

Dungeon Overview and Level Annotations

Branches:
Dungeon (9/15)             Temple (0/1) D:7            Lair (0/5) D:9
    Orc: D:9-12

Altars:
Elyvilon
Gozag
Okawaru
Sif Muna
Uskayaw
Zin
The Shining One


Innate Abilities, Weirdness & Mutations

You are immune to sickness and miasma.
Your stone body is resilient. (AC +7)
You are immune to poison.
You resist negative energy. (rN+)
You are resistant to electric shocks. (rElec)
You are resistant to unholy torment.
You are immune to petrification.


Message History

You hit the gnoll sergeant.
The gnoll sergeant is heavily wounded.
You block the gnoll sergeant's attack. The gnoll misses you.
You sock the gnoll sergeant!
The gnoll sergeant is almost dead.
The gnoll sergeant hits you but does no damage.
The gnoll hits you but does no damage.
The gnoll sergeant hits you but does no damage.
The gnoll closely misses you. The gnoll sergeant blocks your attack.
The gnoll sergeant is almost dead.
You feel yourself speed up. The gnoll sergeant barely misses you.
The gnoll barely misses you.
You barely miss the gnoll sergeant.
The gnoll sergeant is almost dead.
The gnoll sergeant closely misses you. The gnoll barely misses you.
You sock the gnoll sergeant!
You kill the gnoll sergeant!
Trog accepts your kill. The gnoll misses you.
The orc priest mumbles some strange prayers to Beogh against you.
Beogh smites you!
* * * LOW HITPOINT WARNING * * *
Throw: 8 boomerangs
Press: ? - help, Q - select action, (/) - cycle Shift-Dir - straight line, f - gnoll
Aim: a gnoll, wielding a +0 spear (61% to hit)
You throw a boomerang. The boomerang closely misses the gnoll.
The boomerang closely misses the orc priest.
The boomerang hits the gnoll.
The gnoll is lightly wounded.
You block the gnoll's attack.
It was a potion of curing.
You feel better. The gnoll misses you.
As you read the scroll of butterflies, it crumbles to dust.
You hear the flapping of tiny wings.
The gnoll is knocked back by the sudden gust.
The gnoll barely misses you.
You swap places.
The orc priest mumbles some strange prayers to Beogh against you.
Beogh smites you!
You die... ######## #go.o..# #.h.###.## #.... #.h############# #..... #gghogbb@bbbb..####

#....{
###########.b.....#
...$h. #.#####.#
...o.o #.# #.##
...ho. #.# #..#
#######.# #..#
........#####..#
#######........#
####.###.#


You could see 2 wargs, an orc priest and 3 gnolls.

Vanquished Creatures
  A two-headed ogre (D:8)
  A hornet (D:8)
  A wraith (D:9)
  A wyvern (D:7)
  2 steam dragons
  A water moccasin (D:5)
  Duvessa (D:5)
  2 ice beasts
  2 black bears
  4 sky beasts
  An ogre (D:4)
  A centaur (D:5)
  A phantom (D:4)
  3 bullfrogs
  3 gnoll sergeants
  2 scorpions
  4 wights (D:8)
  Dowan (D:5)
  7 killer bees
  A howler monkey (D:4)
  2 hounds
  5 jellies
  6 orc priests
  A gnoll bouda (D:7)
  A sleepcap (D:6)
  Terence (D:2)
  6 iguanas
  8 orc wizards
  8 adders
  13 gnolls
  A white imp (D:8)
  2 ufetubi
  5 worms
  3 dart slugs
  24 orcs
  6 bats
  9 endoplasms
  2 giant cockroaches
  6 goblins
  7 hobgoblins
  5 jackals
  7 quokkas
  8 ball pythons
  5 frilled lizards
  6 kobolds
  5 rats
192 creatures vanquished.

Notes
Turn   | Place    | Note
-------+----------+-------------------------------------------
     0 | D:1      | KittyFluff the Gargoyle Berserker began the quest for the
                  | Orb.
     0 | D:1      | Reached XP level 1. HP: 14/14 MP: 1/1
   212 | D:1      | Reached XP level 2. HP: 19/19 MP: 2/2
   490 | D:1      | Reached XP level 3. HP: 21/23 MP: 3/3
  1053 | D:2      | Reached skill level 3 in Armour
  1057 | D:2      | Reached ** piety under Trog
  1260 | D:2      | Reached XP level 4. HP: 27/28 MP: 4/4
  1306 | D:2      | Noticed Terence
  1328 | D:2      | Killed Terence
  1959 | D:3      | Reached XP level 5. HP: 31/33 MP: 5/5
  2119 | D:3      | Identified the +1 leather armour of Unreason {+Inv Will++
                  | rCorr Int+3}
  2472 | D:4      | Reached skill level 4 in Armour
  2515 | D:4      | Noticed a phantom
  2524 | D:4      | Reached XP level 6. HP: 35/38 MP: 6/6
  2552 | D:4      | Reached *** piety under Trog
  2553 | D:4      | Reached skill level 1 in Evocations
  2771 | D:4      | Reached XP level 7. HP: 5/44 MP: 7/7
  2773 | D:4      | HP: 2/66 [orc/+0 war axe (3)]
  2877 | D:4      | Reached skill level 5 in Maces & Flails
  2896 | D:4      | Reached skill level 5 in Armour
  3386 | D:5      | Entered Level 5 of the Dungeon
  3529 | D:5      | Found an iron altar of Okawaru.
  3532 | D:5      | Found a glowing golden altar of the Shining One.
  3628 | D:5      | Reached XP level 8. HP: 29/48 MP: 8/8
  3737 | D:5      | Reached skill level 5 in Fighting
  3821 | D:5      | Noticed Duvessa
  3854 | D:5      | Killed Duvessa
  3855 | D:5      | Reached skill level 6 in Armour
  3861 | D:5      | Noticed Dowan
  3885 | D:5      | Killed Dowan
  4655 | D:5      | Found a glowing silver altar of Zin.
  4692 | D:5      | Found an opulent altar of Gozag.
  4921 | D:6      | Found a white marble altar of Elyvilon.
  4921 | D:6      | Found a hide-covered altar of Uskayaw.
  5272 | D:6      | Reached skill level 7 in Armour
  5272 | D:6      | Reached XP level 9. HP: 55/55 MP: 9/9
  5530 | D:7      | Reached **** piety under Trog
  5678 | D:7      | HP: 2/55 [gnoll sergeant/+0 spear (6)]
  5888 | D:7      | Found a shimmering blue altar of Sif Muna.
  6109 | D:7      | Found a faded altar of an unknown god.
  6111 | D:7      | Found a staircase to the Ecumenical Temple.
  6370 | D:8      | Reached skill level 8 in Armour
  6370 | D:8      | Reached skill level 1 in Shields
  6693 | D:8      | Reached XP level 10. HP: 53/61 MP: 10/10
  6812 | D:8      | Noticed a boulder beetle
  6845 | D:8      | Noticed a two-headed ogre
  6862 | D:8      | Killed a two-headed ogre
  7286 | D:9      | Reached skill level 9 in Armour
  7392 | D:9      | Found a staircase to the Lair.
  7450 | D:9      | HP: 3/61 [orc priest/divine providence (11)]
  7454 | D:9      | Killed from afar by an orc priest

Illustrated notes

Levels and vault maps discovered:
D:1:      dpeg_arrival_simpleton_b, layout_loops_corners, serial_aquarium,
          aquarium_bridge_straight [aquarium_subvault_bridge,
          aquarium_subvault_wall, aquarium_subvault_bridge,
          aquarium_subvault_wall], aquarium_window_2, aquarium_window_2,
          aquarium_window_1, aquarium_view_2f, aquarium_balcony_1a
D:2:      layout_rooms, grunt_ministairs_12, minmay_octomino_e4, uniq_terence
D:3:      minmay_inner_zag, layout_loops_ring, minmay_misc_feat_four_crosses
D:4:      minmay_bubble_buster, layout_loops_cross, enter_ossuary_5
D:5:      layout_basic, zin_scriptorium, grunt_gozag_statues,
          chequers_temple_overflow_statue_of_worship, serial_corexii_hall,
          corexii_hall_statues_u, corexii_hall_statues_l,
          minmay_misc_feat_more_columns, uniq_duvessa
D:6:      layout_rooms, gammafunk_temple_overflow_elements, kennysheep_dice
D:7:      layout_rooms, led_sif_pool, nicolae_temple_entry_ecumenical
D:8:      layout_basic, kennysheep_island_fort
D:9:      layout_loops_ring, erik_lair_orcish_takeover

Skill      XL: |  1  2  3  4  5  6  7  8  9 10 |
---------------+-------------------------------+-----
Armour         | 3 4 5 7 8 9 |  9.1
Dodging        | 2 3 4 |  4.9
Maces & Flails | 4 5 6 8 |  8.6
Fighting       | 4 5 6 |  6.9
Evocations     | 1 2 3 4 |  4.5
Shields        | 1 2 |  2.9

Action                     |  1- 3 |  4- 6 |  7- 9 | 10-12 || total
---------------------------+-------+-------+-------+-------++-------
  Melee: Mace              |   106 |   159 |   279 |       ||   544
         Punch             |       |     1 |     6 |       ||     7
         Flail             |       |       |   302 |   136 ||   438
  Throw: Boomerang         |       |       |     1 |     3 ||     4
 Invoke: Berserk           |       |     3 |     3 |     1 ||     7
    Use: Scroll            |       |     3 |     4 |     1 ||     8
         Potion            |       |       |     2 |     2 ||     4
 Armour: Animal skin       |    66 |    10 |       |       ||    76
         Leather armour    |       |    28 |   215 |    48 ||   291
  Dodge: Dodged            |    93 |    91 |   512 |   107 ||   803
  Block: Buckler           |       |       |    22 |    23 ||    45
